3242 views
Uploaded 2020-03-29 15:50:03
Game version 1.32.3
7:31 long 3on3 ladder game on (6)RollingHills
Saved by Herzim
3242 views
Uploaded 2020-03-29 15:50:03
Game version 1.32.3
7:31 long 3on3 ladder game on (6)RollingHills


52 units @ 6.4k
/ 0.3k
36 buildings @ 5k
/ 1.6k


| Healing Salve | 2 | 200 |
| Lesser Clarity Potion | 2 | 140 |
| Scroll of Speed | 2 | 100 |
| total: | 6 | 440g |
| Peon | 8 | 600 | / | 0 |
| Grunt | 7 | 1400 | / | 0 |
| Raider | 1 | 180 | / | 40 |
| total: | 16 | 2180g | / | 40w |
| Altar of Storms | 1 | 180 | / | 50 |
| Orc Burrow | 4 | 640 | / | 160 |
| Barracks | 1 | 180 | / | 50 |
| Voodoo Lounge | 2 | 260 | / | 60 |
| War Mill | 1 | 205 | / | 0 |
| Beastiary | 1 | 145 | / | 140 |
| Stronghold | 1 | 315 | / | 190 |
| total: | 10 | 1610g | / | 460w |
| 0:02 | Peon |
| 0:05 | Altar of Storms |
| 0:11 | Peon |
| 0:17 | Orc Burrow |
| 0:19 | Peon |
| 0:32 | Peon |
| 0:43 | Barracks |
| 0:54 | Peon |
| 0:58 | Peon |
| 1:10 | Peon |
| 1:25 | Orc Burrow |
| 1:29 | Peon |
| 1:45 | Voodoo Lounge |
| 1:47 | Voodoo Lounge |
| 1:55 | Grunt |
| 1:55 | Grunt |
| 1:55 | Grunt |
| 2:10 | Feral Spirit |
| 2:41 | Grunt |
| 2:46 | Stronghold |
| 3:10 | Healing Salve |
| 3:10 | Lesser Clarity Potion |
| 3:12 | Scroll of Speed |
| 3:30 | Grunt |
| 3:51 | Orc Burrow |
| 4:05 | Chain Lighting |
| 4:17 | Grunt |
| 5:09 | Berserker Strength |
| 5:10 | Beastiary |
| 5:39 | Orc Burrow |
| 6:03 | Grunt |
| 6:14 | Lesser Clarity Potion |
| 6:14 | Healing Salve |
| 6:14 | Scroll of Speed |
| 6:17 | Raider |
| 6:31 | Endurance Aura |
| 6:43 | Ensnare |
| 7:04 | War Mill |
| Right click | 356 |
| Select group | 146 |
| Select | 127 |
| Assign group | 117 |
| Build/train/purchase | 46 |
| Misc. action | 21 |
| Use ability | 4 |
| Esc | 1 |

| Scroll of Regeneration | 1 | 100 |
| Lesser Clarity Potion | 1 | 70 |
| total: | 2 | 170g |
| Peasant | 16 | 1200 | / | 0 |
| Footman | 5 | 675 | / | 0 |
| Rifleman | 2 | 410 | / | 60 |
| total: | 23 | 2285g | / | 60w |
| Scout Tower | 3 | 90 | / | 60 |
| Arcane Tower | 1 | 70 | / | 50 |
| Guard Tower | 1 | 70 | / | 50 |
| Altar of Kings | 1 | 180 | / | 50 |
| Farm | 6 | 480 | / | 120 |
| Barracks | 2 | 320 | / | 120 |
| Lumber Mill | 1 | 120 | / | 0 |
| Town Hall | 1 | 385 | / | 205 |
| Arcane Vault | 2 | 260 | / | 60 |
| Blacksmith | 1 | 140 | / | 60 |
| Keep | 1 | 320 | / | 210 |
| total: | 17 | 1975g | / | 675w |
| 0:02 | Peasant |
| 0:07 | Altar of Kings |
| 0:11 | Peasant |
| 0:13 | Peasant |
| 0:19 | Farm |
| 0:23 | Barracks |
| 0:30 | Peasant |
| 0:43 | Peasant |
| 0:49 | Farm |
| 0:54 | Peasant |
| 1:13 | Peasant |
| 1:26 | Footman |
| 1:29 | Farm |
| 1:32 | Peasant |
| 1:42 | Footman |
| 1:59 | Peasant |
| 2:06 | Summon Water Elemental |
| 2:19 | Peasant |
| 2:20 | Footman |
| 2:25 | Peasant |
| 2:41 | Footman |
| 2:48 | Peasant |
| 2:53 | Farm |
| 2:56 | Peasant |
| 3:10 | Lumber Mill |
| 3:49 | Brilliance Aura |
| 3:53 | Town Hall |
| 3:57 | Scout Tower |
| 4:01 | Scout Tower |
| 4:04 | Arcane Vault |
| 4:09 | Arcane Vault |
| 4:17 | Peasant |
| 4:18 | Peasant |
| 4:24 | Footman |
| 4:47 | Blacksmith |
| 4:51 | Farm |
| 5:01 | Scout Tower |
| 5:03 | Arcane Tower |
| 5:11 | Peasant |
| 5:28 | Barracks |
| 5:32 | Guard Tower |
| 5:58 | Keep |
| 6:22 | Black Gunpowder |
| 6:27 | Rifleman |
| 6:46 | Farm |
| 6:51 | Scroll of Regeneration |
| 6:53 | Lesser Clarity Potion |
| 6:53 | Summon Water Elemental |
| 7:02 | Rifleman |
| Right click | 515 |
| Select group | 158 |
| Select | 142 |
| Build/train/purchase | 55 |
| Misc. action | 28 |
| Assign group | 23 |
| Minimap ping | 5 |
| Chat | 4 |
| Esc | 2 |


| Rod of Necromancy | 2 | 300 |
| total: | 2 | 300g |
| Acolyte | 3 | 225 | / | 0 |
| Ghoul | 4 | 480 | / | 0 |
| Crypt Fiend | 3 | 645 | / | 120 |
| Obsidian Statue | 3 | 600 | / | 105 |
| total: | 13 | 1950g | / | 225w |
| Crypt | 1 | 200 | / | 50 |
| Altar of Darkness | 1 | 180 | / | 50 |
| Ziggurat | 4 | 600 | / | 200 |
| Tomb of Relics | 1 | 130 | / | 30 |
| Graveyard | 1 | 215 | / | 0 |
| Slaughterhouse | 1 | 140 | / | 135 |
| Halls of the Dead | 1 | 320 | / | 210 |
| Black Citadel | 1 | 325 | / | 230 |
| total: | 9 | 1465g | / | 465w |
| 0:04 | Acolyte |
| 0:14 | Crypt |
| 0:17 | Altar of Darkness |
| 0:21 | Acolyte |
| 0:34 | Acolyte |
| 0:38 | Ziggurat |
| 1:04 | Tomb of Relics |
| 1:20 | Ghoul |
| 1:27 | Ghoul |
| 1:37 | Graveyard |
| 1:40 | Ziggurat |
| 1:51 | Ghoul |
| 2:05 | Ghoul |
| 2:31 | Rod of Necromancy |
| 2:35 | Death Coil |
| 3:01 | Halls of the Dead |
| 3:30 | Crypt Fiend |
| 3:35 | Ziggurat |
| 4:21 | Crypt Fiend |
| 4:50 | Unholy Aura |
| 5:27 | Slaughterhouse |
| 6:04 | Crypt Fiend |
| 6:06 | Web |
| 6:08 | Black Citadel |
| 6:26 | Rod of Necromancy |
| 6:29 | Frost Nova |
| 6:55 | Obsidian Statue |
| 6:55 | Obsidian Statue |
| 7:06 | Obsidian Statue |
| 7:12 | Ziggurat |
| Right click | 295 |
| Select | 100 |
| Build/train/purchase | 29 |
| Misc. action | 13 |
| Select group | 12 |
| Assign group | 6 |
| Use ability | 3 |
| Remove unit | 3 |
| Minimap ping | 1 |
50 units @ 6k
/ 0.5k
23 buildings @ 3.4k
/ 0.9k

| Acolyte | 2 | 150 | / | 0 |
| Ghoul | 9 | 1080 | / | 0 |
| Crypt Fiend | 5 | 1075 | / | 200 |
| total: | 16 | 2305g | / | 200w |
| Crypt | 1 | 200 | / | 50 |
| Graveyard | 1 | 215 | / | 0 |
| Ziggurat | 3 | 450 | / | 150 |
| Altar of Darkness | 1 | 180 | / | 50 |
| Tomb of Relics | 1 | 130 | / | 30 |
| Halls of the Dead | 1 | 320 | / | 210 |
| total: | 7 | 1175g | / | 280w |
| 0:05 | Acolyte |
| 0:06 | Acolyte |
| 0:13 | Crypt |
| 0:20 | Graveyard |
| 0:38 | Ziggurat |
| 0:59 | Altar of Darkness |
| 1:19 | Ghoul |
| 1:25 | Ghoul |
| 1:45 | Ziggurat |
| 1:59 | Crypt Fiend |
| 2:22 | Crypt Fiend |
| 2:44 | Crypt Fiend |
| 3:01 | Ziggurat |
| 3:09 | Unholy Aura |
| 3:21 | Crypt Fiend |
| 3:45 | Creature Attack |
| 3:51 | Creature Carapace |
| 5:02 | Tomb of Relics |
| 5:05 | Halls of the Dead |
| 5:11 | Crypt Fiend |
| 6:42 | Ghoul |
| 6:42 | Ghoul |
| 6:42 | Ghoul |
| 6:43 | Ghoul |
| 6:43 | Ghoul |
| 6:43 | Ghoul |
| 6:43 | Ghoul |
| Select | 36 |
| Right click | 35 |
| Build/train/purchase | 21 |
| Misc. action | 13 |

| Peasant | 8 | 600 | / | 0 |
| Rifleman | 7 | 1435 | / | 210 |
| total: | 15 | 2035g | / | 210w |
| Altar of Kings | 1 | 180 | / | 50 |
| Farm | 3 | 240 | / | 60 |
| Blacksmith | 1 | 140 | / | 60 |
| Barracks | 1 | 160 | / | 60 |
| Lumber Mill | 1 | 120 | / | 0 |
| Arcane Vault | 1 | 130 | / | 30 |
| Keep | 1 | 320 | / | 210 |
| total: | 8 | 970g | / | 260w |
| 0:05 | Peasant |
| 0:05 | Peasant |
| 0:11 | Altar of Kings |
| 0:32 | Farm |
| 0:42 | Blacksmith |
| 0:43 | Peasant |
| 1:06 | Peasant |
| 1:26 | Barracks |
| 1:28 | Peasant |
| 2:02 | Farm |
| 2:06 | Peasant |
| 2:20 | Summon Water Elemental |
| 2:24 | Peasant |
| 2:39 | Rifleman |
| 2:39 | Rifleman |
| 2:45 | Peasant |
| 3:21 | Rifleman |
| 3:34 | Farm |
| 4:11 | Rifleman |
| 4:11 | Rifleman |
| 4:19 | Lumber Mill |
| 4:48 | Keep |
| 4:58 | Arcane Vault |
| 5:35 | Rifleman |
| 7:05 | Rifleman |
| Right click | 95 |
| Select | 58 |
| Build/train/purchase | 20 |
| Misc. action | 12 |

| Circlet of Nobility | 1 | 175 |
| Boots of Speed | 1 | 250 |
| total: | 2 | 425g |
| Wisp | 11 | 660 | / | 0 |
| Archer | 8 | 1040 | / | 80 |
| total: | 19 | 1700g | / | 80w |
| Altar of Elders | 1 | 180 | / | 50 |
| Moon Well | 4 | 720 | / | 160 |
| Ancient of War | 2 | 300 | / | 120 |
| Ancient of Wonders | 1 | 90 | / | 30 |
| Tree of Ages | 3 | 960 | / | 540 |
| total: | 8 | 1290g | / | 360w |
| 0:03 | Wisp |
| 0:03 | Wisp |
| 0:03 | Wisp |
| 0:10 | Altar of Elders |
| 0:12 | Moon Well |
| 0:33 | Ancient of War |
| 0:43 | Wisp |
| 1:02 | Wisp |
| 1:02 | Wisp |
| 1:03 | Wisp |
| 1:04 | Wisp |
| 1:31 | Moon Well |
| 1:35 | Archer |
| 2:01 | Archer |
| 2:07 | Ancient of Wonders |
| 2:14 | Ancient of War |
| 2:31 | Moon Well |
| 2:37 | Force of Nature |
| 2:58 | Archer |
| 3:08 | Moon Well |
| 3:09 | Wisp |
| 3:09 | Wisp |
| 3:38 | Wisp |
| 4:09 | Archer |
| 4:13 | Tree of Ages |
| 4:31 | Archer |
| 5:12 | Archer |
| 5:52 | Circlet of Nobility |
| 6:00 | Thorns Aura |
| 6:02 | Boots of Speed |
| 6:28 | Archer |
| 7:09 | Archer |
| 7:12 | Improved Bows |
| Right click | 261 |
| Select | 98 |
| Chat | 82 |
| Assign group | 52 |
| Select group | 39 |
| Build/train/purchase | 32 |
| Misc. action | 31 |
| Minimap ping | 18 |
| Use ability | 16 |